 Dungeon Crawl Stone Soup version 0.32-a0-306-gfed3edf829 (webtiles) character file.

Game seed: 6093103723182181301

109 Persephone the Chopper (level 4, -4/38 HPs)
             Began as a Mountain Dwarf Monk on Feb 14, 2024.
             Slain by Natasha (7 damage)
             ... on level 2 of the Dungeon.
             The game lasted 00:02:23 (1572 turns).

Persephone the Chopper (Mountain Dwarf Monk)        Turns: 1572, Time: 00:02:23

Health: -4/38      AC:  7    Str: 16    XL:     4   Next: 60%
Magic:  4/4        EV: 11    Int: 10    God:
Gold:   61         SH:  0    Dex: 12    Spells: 3/3 levels left

rFire   + . .        g - +0 war axe
rCold   . . .        d - orb {light}
rNeg    . . .        m - +0 ring mail
rPois   .            l - +1 helmet
rElec   .            (no cloak)
rCorr   .            (no gloves)
SInv    .            (no boots)
Will    .....        (no amulet)
Stlth   +            n - ring of protection from fire
HPRegen 0.26/turn    (no ring)
MPRegen 0.09/turn

%: no passive effects
@: slowed, glowing, very slow
A: runic magic, artefact enchanting
a: no special abilities


You were on level 2 of the Dungeon.
You visited 1 branch of the dungeon, and saw 2 of its levels.

You collected 61 gold pieces.

Inventory:

Hand Weapons
 g - a +0 war axe (weapon)
Armour
 b - a +0 robe
 d - an orb of light (worn)
 l - a +1 helmet (worn)
 m - a +0 ring mail (worn)
Jewellery
 n - a ring of protection from fire (left hand)
Scrolls
 e - a scroll of enchant armour
 f - a scroll of poison
 h - a scroll of blinking
 j - a scroll of identify {unknown}
Potions
 a - 2 potions of magic {unknown}
 c - a potion of ambrosia
 i - a potion of resistance {unknown}
 k - 2 potions of enlightenment {unknown}


   Skills:
 - Level 3.2 Fighting
 + Level 6.5 Axes
 - Level 2.1 Dodging


You had 3 spell levels left.
You didn't know any spells.
Your spell library was empty.

Dungeon Overview and Level Annotations

Branches:
Dungeon (2/15)

Altars:

Shops:
D:1 *=?

Annotations:
D:2 Natasha


Innate Abilities, Weirdness & Mutations

Your spellcasting is much less encumbered by armour.
You can use scrolls of enchantment on lesser artefacts.


Message History

You are confused.
You feel invigorated. Natasha claws you. The cerulean imp barely misses you.
The cerulean imp hits you but does no damage.
Natasha barely misses you.
The cerulean imp hits you but does no damage.
The cerulean imp barely misses you. Natasha attacks as she pursues you!
Natasha claws you but does no damage. The cerulean imp misses you.
You hit the cerulean imp.
The cerulean imp is lightly wounded.
You barely miss Natasha.
The cerulean imp hits you from afar with a +1 spear.
Natasha claws you.
The cerulean imp hits you with a +1 spear.
* * * LOW HITPOINT WARNING * * *
The cerulean imp misses you.
Natasha mumbles some strange words.
The cerulean imp hits you but does no damage.
You slash Natasha!
Natasha is severely wounded.
You hit the cerulean imp.
You feel less invigorated.
You feel less confused. The cerulean imp misses you. Natasha misses you.
The cerulean imp hits you but does no damage.
The cerulean imp closely misses you. Natasha casts a spell at you.
You feel as though you will be slow longer.
The cerulean imp misses you.
You barely miss Natasha.
Natasha is severely wounded.
You barely miss the cerulean imp.
The cerulean imp disappears in a puff of smoke!
The cerulean imp closely misses you. Natasha claws you!
* * * LOW HITPOINT WARNING * * *
The cerulean imp hits you from afar with a +2 spear.
* * * LOW HITPOINT WARNING * * *
The cerulean imp hits you with a +1 spear.
* * * LOW HITPOINT WARNING * * *
Natasha claws you!
You die...
Natasha begins licking her fur clean.

################
#........#......
#..............
#.............)
.......%....#
.........$..#
#...@†...#
#..5h....#
#...§5...#
##........#####
................
##...........#####
.....####...##
#....# ###..###
....# ##...### #..


You could see Natasha and 2 cerulean imps.

Vanquished Creatures
  Natasha (D:2)
  An orc wizard (D:2)
  2 orcs (D:2)
  2 endoplasms
  2 giant cockroaches
  4 goblins (D:1)
  3 hobgoblins
  4 jackals (D:1)
  A kobold (D:1)
  2 quokkas (D:1)
  2 ball pythons
  3 bats
  3 frilled lizards (D:2)
  2 rats
32 creatures vanquished.

Notes
Turn   | Place    | Note
-------+----------+-------------------------------------------
     0 | D:1      | Persephone the Mountain Dwarf Monk began the quest for the
                  | Orb.
     0 | D:1      | Reached XP level 1. HP: 19/19 MP: 1/1
    21 | D:1      | Reached skill level 4 in Axes
    23 | D:1      | Reached XP level 2. HP: 18/26 MP: 2/2
   121 | D:1      | Found Ofrai's Magic Scroll Shop.
   260 | D:1      | Found Hucet's Jewellery Shoppe.
   554 | D:1      | Reached skill level 5 in Axes
   651 | D:1      | Reached XP level 3. HP: 23/31 MP: 3/3
   738 | D:1      | Found Receib's Assorted Antiques.
  1243 | D:2      | Reached skill level 6 in Axes
  1243 | D:2      | Reached XP level 4. HP: 19/38 MP: 4/4
  1335 | D:2      | Noticed Natasha
  1342 | D:2      | Killed Natasha
  1559 | D:2      | Noticed Natasha
  1572 | D:2      | Slain by Natasha

Illustrated notes

Levels and vault maps discovered:
D:1:      roderic_crossed_star, layout_basic, serial_shops, shop, shop,
          nicolae_shop_rolling_square
D:2:      layout_basic, nicolae_eternal_life, minmay_tromino_i4, uniq_natasha

Skill      XL: |  1  2  3 |
---------------+----------+-----
Axes           | 4 5 6 |  6.5
Fighting       | |  3.2
Dodging        | |  2.1

Action                     |  1- 3 |  4- 6 || total
---------------------------+-------+-------++-------
  Melee: Hand axe          |    55 |       ||    55
         War axe           |       |    29 ||    29
    Use: Scroll            |     5 |       ||     5
         Potion            |       |     1 ||     1
 Armour: Robe              |    19 |       ||    19
         Ring mail         |    14 |    54 ||    68
  Dodge: Dodged            |    45 |    23 ||    68

Table legend: (Time is in decaauts)
 A = Elapsed time spent in this place.
 B = Non-inter-level travel time spent in this place.
 C = Inter-level travel time spent in this place.
 D = Time resting spent in this place.
 E = Time spent auto-exploring this place.
 F = Levels seen in this place.
 G = Mean time per level.
                   A        B        C        D        E       F      G
               +--------+--------+--------+--------+--------+-----+--------+
         Total |   1584 |   1495 |     89 |      0 |   1266 |   2 |  792.0 |
       Dungeon |   1584 |   1495 |     89 |      0 |   1266 |   2 |  792.0 |
               +--------+--------+--------+--------+--------+-----+--------+

Top non-repeatable levels by time:
     D:1: 1173 daAuts
     D:2: 411 daAuts
